[Event "Titled Tuesday Blitz May 10 Early 2022"]
[White "Piliczewski, Bogusz"]
[Black "Kohler, Aran"]
[WhiteFideId "1104144"]
[BlackFideId "1002856"]
[WhiteElo "1896"]
[BlackElo "2302"]
[Result "0-1"]
[Round "07"]
[TimeControl "180+1"]
[Date "2022.05.11"]
[WhiteClock "0:00:01"]
[BlackClock "0:00:17"]

1. d4 d5 2. Nf3 Nf6 3. Bf4 c5 4. c3 Nc6 5. e3 Qb6 6. Qc1 cxd4 7. exd4 Bf5 8. Nbd2 e6 9. Be2 Rc8 10. O-O Be7 11. Nh4 Bg4 12. Bxg4 Nxg4 13. Nhf3 O-O 14. Rb1 Nb4 15. Bg3 Bd6 16. Bxd6 Qxd6 17. a3 Nd3 18. Qc2 Nf4 19. h3 Nh6 20. Ne5 f6 21. Nd3 Nxd3 22. Qxd3 e5 23. Qg3 Rfd8 24. Rfe1 e4 25. Qxd6 Rxd6 26. Re2 f5 27. g3 Nf7 28. h4 h6 29. h5 g5 30. hxg6 Rxg6 31. Kh2 Kh7 32. Rh1 Rcg8 33. Kg1 f4 34. Nf1 Nd6 35. Re1 Nc4 36. Re2 f3 37. Rc2 b5 38. Rh5 Nb6 39. b3 Rg5 40. Rxg5 Rxg5 41. Ne3 h5 42. c4 bxc4 43. bxc4 dxc4 44. Nxc4 Nxc4 45. Rxc4 Ra5 46. Rc3 Kg6 47. Kf1 Kf5 48. Ke1 Ke6 49. Kd2 Kd5 50. Ke3 Rb5 51. Kf4 a5 52. Ke3 a4 53. Rc8 Rb3+ 54. Kf4 Kxd4 55. Rd8+ Kc3 56. Kxe4 Rxa3 57. Kxf3 Kb2+ 58. Kf4 Rb3 59. Rd2+ Kc1 60. Re2 a3 61. f3 Rb2 62. Re1+ Kc2 63. Ra1 a2 64. g4 hxg4 65. fxg4 Kb3 66. g5 Rf2+ 67. Kg3 Rf8 68. Kg4 Kb2 0-1


[Site "https://www.chess.com"]

[Event "Titled Tuesday Blitz May 10 Early 2022"]
[White "Pinheiro, Iung Alicio de O."]
[Black "Matveeva, Olga"]
[WhiteFideId "2104350"]
[BlackFideId "24107018"]
[WhiteElo "2283"]
[BlackElo "2052"]
[Result "1-0"]
[Round "07"]
[TimeControl "180+1"]
[Date "2022.05.11"]
[WhiteClock "0:01:50"]
[BlackClock "0:00:38"]

1. c4 e6 2. g3 d5 3. Bg2 Nf6 4. Nf3 Be7 5. O-O O-O 6. Qc2 c6 7. d4 Nbd7 8. Nbd2 b6 9. e4 dxe4 10. Nxe4 Nxe4 11. Qxe4 Bb7 12. Rd1 Qc8 13. Qe2 Nf6 14. Bg5 h6 15. Bf4 Rd8 16. h4 Bf8 17. Bh3 a5 18. Rac1 a4 19. Ne5 a3 20. b3 Ba6 21. g4 Nd5 22. Bg3 c5 23. Qf3 Nf6 24. g5 Bb7 25. d5 hxg5 26. hxg5 1-0


[Site "https://www.chess.com"]

[Event "Titled Tuesday Blitz May 10 Early 2022"]
[White "Plotnikov, Pavel"]
[Black "Przybylski, Wojciech"]
[WhiteFideId "4170342"]
[BlackFideId "1117599"]
[WhiteElo "2298"]
[BlackElo "2133"]
[Result "0-1"]
[Round "07"]
[TimeControl "180+1"]
[Date "2022.05.11"]
[WhiteClock "0:00:04"]
[BlackClock "0:00:16"]

1. e4 e5 2. Nf3 Nf6 3. Nc3 Nc6 4. Be2 Be7 5. d4 d6 6. O-O O-O 7. h3 exd4 8. Nxd4 Nxd4 9. Qxd4 Bd7 10. Bg5 Re8 11. Rad1 Bc6 12. Bd3 Nd7 13. Bxe7 Qxe7 14. b4 Qf6 15. Qxf6 Nxf6 16. Rfe1 Re7 17. f3 Rae8 18. Kf2 g5 19. Ne2 Bd7 20. b5 Kg7 21. c4 b6 22. a4 Re5 23. Nc3 Nh5 24. Nd5 Rc8 25. h4 h6 26. Rh1 Nf6 27. hxg5 hxg5 28. g3 Ree8 29. Nxf6 Kxf6 30. f4 Rh8 31. Kg2 Bg4 32. Kf2 Bxd1 33. Rxd1 Rh2+ 34. Ke3 Rh3 35. Kf2 Rch8 36. Bf1 Rh1 37. Rd5 gxf4 38. gxf4 R8h2+ 39. Kg3 Ra2 40. Rf5+ Ke7 41. Bd3 Rd1 42. Rd5 Ra3 43. Rd4 Raxd3+ 44. Rxd3 Rxd3+ 45. Kg4 Rd4 46. f5 Rxe4+ 0-1


[Site "https://www.chess.com"]

[Event "Titled Tuesday Blitz May 10 Early 2022"]
[White "Polanco Nunez, Yoel Estarling"]
[Black "Aslanov, Umid"]
[WhiteFideId "6401783"]
[BlackFideId "13412620"]
[WhiteElo "2132"]
[BlackElo "1796"]
[Result "0-1"]
[Round "07"]
[TimeControl "180+1"]
[Date "2022.05.11"]
[WhiteClock "0:00:10"]
[BlackClock "0:00:56"]

1. Nf3 b6 2. e4 Bb7 3. Nc3 e6 4. a3 Nf6 5. e5 Nd5 6. Nxd5 Bxd5 7. d4 h6 8. c4 Bb7 9. Bd3 d6 10. Qe2 d5 11. cxd5 Qxd5 12. O-O Nd7 13. Rd1 g5 14. Bc4 Qe4 15. Be3 g4 16. Ne1 Qg6 17. d5 O-O-O 18. dxe6 fxe6 19. Ba6 Bg7 20. Rac1 Nxe5 21. Bd2 Bxa6 22. Qxa6+ Kb8 23. Rxc7 Kxc7 24. Qxa7+ Kc6 25. Rc1+ Nc4 26. Rxc4+ Kd5 27. Qxb6 Kxc4 28. Qc6+ Kb3 29. Qb5+ Ka2 30. Qc4+ Ka1 31. Nc2+ Kb1 32. Ne3 Rxd2 33. Qf1+ Ka2 34. Qc4+ Ka1 35. Qc1+ Qb1 0-1


[Site "https://www.chess.com"]

[Event "Titled Tuesday Blitz May 10 Early 2022"]
[White "Pourkashiyan, Atousa"]
[Black "Valle Maytin, Luis Enrique"]
[WhiteFideId "12502014"]
[BlackFideId "3503666"]
[WhiteElo "2247"]
[BlackElo "2278"]
[Result "1/2-1/2"]
[Round "07"]
[TimeControl "180+1"]
[Date "2022.05.11"]
[WhiteClock "0:00:15"]
[BlackClock "0:00:24"]

1. e4 c6 2. d4 d5 3. Nd2 dxe4 4. Nxe4 Nf6 5. Nxf6+ exf6 6. c3 Bd6 7. Bd3 O-O 8. Qc2 Re8+ 9. Be3 h5 10. Ne2 Nd7 11. h3 Nf8 12. O-O-O Be6 13. Kb1 b5 14. Bf4 Be7 15. Be4 Qd7 16. g4 hxg4 17. hxg4 Bxg4 18. f3 Be6 19. Ng3 g6 20. Qh2 Bh3 21. Qxh3 Qxh3 22. Rxh3 Rac8 23. Rdh1 f5 24. Bxf5 gxf5 25. Rh8+ Kg7 26. Nxf5+ Kf6 27. Nxe7 Kxe7 28. Kc2 Ne6 29. Rxe8+ Rxe8 30. Be5 Rg8 31. Rh2 a5 32. Re2 f6 33. Bc7 a4 34. b3 Kd7 35. Bh2 Ng5 36. Rg2 Rh8 37. f4 Nf3 38. Rg7+ Ke6 39. Bg3 axb3+ 40. axb3 Rh1 41. Kd3 Rh3 42. Ke2 Ng5 43. fxg5 Rxg3 44. gxf6 Rxc3 45. f7 Ke7 46. b4 Rc4 47. Kd3 Rxb4 48. Rg6 Rc4 49. Rf6 Kf8 50. Rf2 c5 51. dxc5 Rxc5 52. Kd4 Rc4+ 53. Kd5 Rc7 54. Ke6 Re7+ 55. Kd5 Rb7 56. Kd4 Rc7 57. Rb2 Rc4+ 58. Kd3 Rc5 59. Kd4 Rf5 60. Kc3 Kxf7 61. Kb4 Ke6 62. Rd2 Re5 63. Rd1 Ke7 64. Rd2 Rh5 65. Rd3 Ke6 66. Rd2 Re5 67. Rd3 Kf5 68. Rd2 Kf4 69. Rd1 Rh5 70. Re1 Kf3 71. Re8 Rd5 72. Re7 Kf2 73. Re8 Kf3 74. Re7 Kf4 75. Re8 Rf5 76. Rb8 Ke3 77. Rxb5 Rf4+ 78. Kc3 Re4 79. Rd5 Re7 80. Rd8 Rc7+ 81. Kb4 Rb7+ 82. Kc5 Re7 83. Kd5 Re4 84. Rd6 Rd4+ 85. Kc5 Re4 86. Kd5 Ra4 87. Kc5 Ra5+ 88. Kc4 Re5 89. Rd5 Re4+ 90. Kc3 Ra4 91. Rd8 Ra3+ 92. Kc2 Ra7 93. Kc3 Rc7+ 94. Kb4 Rb7+ 95. Kc5 Re7 96. Kd6 Re4 97. Kc7 Ra4 98. Rd1 Rc4+ 99. Kd6 Ke2 100. Rd5 Ke3 101. Ke5 Rh4 102. Kd6 Rh7 103. Kc5 Rb7 104. Kc6 Ra7 105. Kc5 Rb7 106. Kc6 Rb3 107. Kc5 Ke4 108. Rd8 Rb7 109. Kc6 Re7 110. Kc5 Rc7+ 111. Kd6 Rc4 112. Re8+ Kd4 113. Rh8 Kc3 114. Rh3+ Kb4 115. Kd5 Rc5+ 116. Kd6 Rc8 117. Rh4+ Kb5 118. Rh5+ Kb6 119. Rh1 Rd8+ 120. Ke7 Rc8 121. Rb1+ Ka7 122. Kd7 Rc5 123. Kd8 Rd5+ 124. Kc7 Rc5+ 125. Kd6 Ra5 126. Kc6 Ra2 127. Rb4 1/2-1/2


[Site "https://www.chess.com"]

[Event "Titled Tuesday Blitz May 10 Early 2022"]
[White "Qashashvili, Alexandre"]
[Black "Stevens, Christian"]
[WhiteFideId "13600842"]
[BlackFideId "2604450"]
[WhiteElo "2316"]
[BlackElo "2474"]
[Result "0-1"]
[Round "07"]
[TimeControl "180+1"]
[Date "2022.05.11"]
[WhiteClock "0:00:04"]
[BlackClock "0:00:09"]

1. e4 c5 2. Nc3 e6 3. Nf3 a6 4. d3 Nc6 5. Be3 d5 6. exd5 exd5 7. d4 Bg4 8. Be2 c4 9. Ne5 Bxe2 10. Nxe2 Be7 11. O-O Nf6 12. c3 Rc8 13. Ng3 O-O 14. Re1 g6 15. Bh6 Re8 16. Qd2 Nxe5 17. dxe5 Ng4 18. Bf4 Bc5 19. Re2 d4 20. cxd4 Qxd4 21. Qxd4 Bxd4 22. Rd1 Rcd8 23. Rf1 Bxe5 24. Bxe5 Rxe5 25. Rxe5 Nxe5 26. Re1 Nd3 27. Re2 b5 28. a3 Nc1 29. Re1 Nd3 30. Re2 Nf4 31. Rc2 Rd1+ 32. Nf1 Nd3 33. g3 Rb1 34. Kg2 Rxb2 35. Rxb2 Nxb2 36. Kf3 c3 37. Ke2 Nc4 38. a4 b4 39. Kd3 Nb2+ 40. Kc2 Nxa4 41. Ne3 a5 42. Nd5 Nc5 43. Nf6+ Kg7 44. Ne8+ Kh6 45. Nc7 Kg5 46. f3 Kf5 47. h4 Ke5 48. Nb5 Kd5 49. Nc7+ Kc4 50. Kc1 b3 51. Ne8 a4 52. Nd6+ Kd3 53. Ne4 Nxe4 54. fxe4 a3 55. Kd1 a2 56. Ke1 Ke3 57. Kf1 Kf3 58. Kg1 Kxg3 59. Kf1 Kf3 60. Kg1 a1=Q+ 61. Kh2 Qb2+ 62. Kh1 Qg2# 0-1


[Site "https://www.chess.com"]

[Event "Titled Tuesday Blitz May 10 Early 2022"]
[White "Quirke, Jeffrey"]
[Black "Moskvin, Anatoly"]
[WhiteFideId "2013029"]
[BlackFideId "24199990"]
[WhiteElo "2152"]
[BlackElo "2079"]
[Result "0-1"]
[Round "07"]
[TimeControl "180+1"]
[Date "2022.05.11"]
[WhiteClock "0:00:18"]
[BlackClock "0:00:25"]

1. c4 e6 2. g3 d5 3. Bg2 c6 4. b3 dxc4 5. bxc4 Qd4 6. Nc3 Qxc4 7. Nf3 Nf6 8. O-O Be7 9. Bb2 Qb4 10. Qc2 O-O 11. a4 Qa5 12. d4 Na6 13. e4 c5 14. d5 Nb4 15. Qb3 exd5 16. e5 c4 17. Qd1 Nd3 18. exf6 Bxf6 19. Nxd5 Bxb2 20. Ne7+ Kh8 21. Nd2 Be6 22. Bxb7 Bxa1 23. Bxa8 Rxa8 24. Qxa1 Qxd2 0-1


[Site "https://www.chess.com"]

[Event "Titled Tuesday Blitz May 10 Early 2022"]
[White "Raahul V S"]
[Black "Dang, Hoang Son"]
[WhiteFideId "25035525"]
[BlackFideId "12402435"]
[WhiteElo "2185"]
[BlackElo "2252"]
[Result "0-1"]
[Round "07"]
[TimeControl "180+1"]
[Date "2022.05.11"]
[WhiteClock "0:00:03"]
[BlackClock "0:00:40"]

1. b3 e5 2. Bb2 Nc6 3. c4 Nf6 4. e3 Bc5 5. a3 O-O 6. b4 Be7 7. Nc3 d5 8. cxd5 Nxd5 9. Nf3 Bf6 10. Ne4 Bf5 11. Nxf6+ Qxf6 12. d3 Nb6 13. Be2 Rad8 14. b5 Na5 15. Bxe5 Qg6 16. Nh4 Qe6 17. Bxc7 Rd7 18. Bxb6 axb6 19. Nxf5 Qxf5 20. Bg4 Qg6 21. Bxd7 Qxg2 22. Ke2 Rd8 23. Bf5 g6 24. Qa4 Qg5 25. Be4 Qg4+ 26. Kd2 Kg7 27. Rag1 Qh4 28. Ke2 f5 29. Qc2 fxe4 30. Qc7+ Kg8 31. d4 Qh5+ 32. Kd2 Rf8 33. Qe5 Rxf2+ 34. Kc3 Qe2 35. Qe6+ Rf7 36. Rd1 Qxe3+ 37. Kc2 Kg7 38. Qe5+ Kh6 39. Rhf1 Qb3+ 40. Kc1 Qxa3+ 41. Kb1 Rxf1 42. Rxf1 Qd3+ 43. Kb2 Nc4+ 44. Ka2 Qa3+ 45. Kb1 Qb2# 0-1


[Site "https://www.chess.com"]

[Event "Titled Tuesday Blitz May 10 Early 2022"]
[White "Rastbod, Ali"]
[Black "Stankovic, Ivan G"]
[WhiteFideId "12567477"]
[BlackFideId "902837"]
[WhiteElo "2147"]
[BlackElo "2195"]
[Result "1-0"]
[Round "07"]
[TimeControl "180+1"]
[Date "2022.05.11"]
[WhiteClock "0:00:17"]
[BlackClock "0:00:14"]

1. c4 c5 2. Nf3 Nc6 3. Nc3 e5 4. e3 Nf6 5. d4 exd4 6. exd4 cxd4 7. Nxd4 d5 8. Nxc6 bxc6 9. cxd5 Nxd5 10. Bc4 Bb4 11. O-O Bxc3 12. bxc3 O-O 13. Qf3 Be6 14. Bb3 a5 15. Qg3 Qf6 16. Bd2 a4 17. Bc2 Bf5 18. Bxf5 Qxf5 19. c4 Nf6 20. Bc3 Rfd8 21. Rfd1 Qg6 22. Qxg6 hxg6 23. Bxf6 gxf6 24. f3 Kf8 25. Kf2 Rab8 26. Rxd8+ Rxd8 27. Ke3 Rb8 28. Rd1 Rb2 29. Rd2 a3 30. Kd3 Ke8 31. Rxb2 axb2 32. Kc2 Ke7 33. Kxb2 Kd6 34. Kc3 1-0


[Site "https://www.chess.com"]

[Event "Titled Tuesday Blitz May 10 Early 2022"]
[White "Redzisz, Michal"]
[Black "Lamaze, Simon"]
[WhiteFideId "21816107"]
[BlackFideId "36069264"]
[WhiteElo "2004"]
[BlackElo "1999"]
[Result "1-0"]
[Round "07"]
[TimeControl "180+1"]
[Date "2022.05.11"]
[WhiteClock "0:00:09"]
[BlackClock "0:00:13"]

1. Nf3 d5 2. b3 Nf6 3. Bb2 e6 4. e3 Be7 5. c4 O-O 6. Qc2 b6 7. Be2 Bb7 8. Rg1 c5 9. g4 Nc6 10. g5 Ne4 11. h4 Nb4 12. Qc1 dxc4 13. bxc4 Nd3+ 14. Bxd3 Qxd3 15. Ne5 Qd8 16. d3 Nd6 17. Qc3 Nf5 18. Nd2 f6 19. Ng4 fxg5 20. hxg5 Bxg5 21. Ne4 Kh8 22. Nxg5 Qxg5 23. O-O-O Bf3 24. Ne5 Bg2 25. f4 Qg3 26. Qd2 Nxe3 27. Rde1 Nf5 28. Rxg2 Qh3 29. Reg1 Rad8 30. Ng6+ hxg6 31. Rh2 Rxd3 32. Rxh3+ Rxh3 33. Rxg6 Re8 34. Qg2 Rh7 35. Be5 Kg8 36. Qg5 Kf7 37. Qg1 Rd8 38. Qg2 Rd7 39. Rxe6 Kxe6 40. Qg6+ Ke7 41. Qxh7 Ne3 42. Qxg7+ Kd8 43. Qf8# 1-0


[Site "https://www.chess.com"]

[Event "Titled Tuesday Blitz May 10 Early 2022"]
[White "Sadhwani, Raunak"]
[Black "Rustemov, Alexander"]
[WhiteFideId "35093487"]
[BlackFideId "4119002"]
[WhiteElo "2616"]
[BlackElo "2712"]
[Result "1-0"]
[Round "07"]
[TimeControl "180+1"]
[Date "2022.05.10"]
[WhiteClock "0:00:35"]
[BlackClock "0:00:02"]

1. d4 d5 2. Nf3 Nf6 3. Bf4 c5 4. e3 Nc6 5. Nbd2 Bg4 6. c3 e6 7. Qb3 Qc8 8. h3 Bxf3 9. Nxf3 Be7 10. Be2 O-O 11. O-O Rd8 12. Rfd1 a6 13. a4 c4 14. Qc2 b5 15. b4 h6 16. Ra2 Bd6 17. Rda1 Rb8 18. axb5 axb5 19. Ra6 Qc7 20. Bxd6 Rxd6 21. Ne5 Ne7 22. Ra7 Rb7 23. Ra8+ Rd8 24. R8a6 Ne4 25. Bh5 g6 26. Bf3 Nd6 27. h4 h5 28. g3 Kg7 29. Bg2 Rb6 30. Ra7 Rb7 31. R7a6 Rb6 32. R6a3 Rdb8 33. Bh3 Ne4 34. R1a2 R6b7 35. Qc1 Rc8 36. Bg2 Nd6 37. Qa1 Qd8 38. Ra6 Rcc7 39. Nf3 Nec8 40. Ng5 Ra7 41. Bh3 Rxa6 42. Rxa6 Qe7 43. Qa5 Ra7 44. Rxa7 Qxa7 45. Qd8 Qb6 46. Qd7 Qb7 47. Nxe6+ Kf6 48. Qd8+ Qe7 49. Qh8# 1-0


[Site "https://www.chess.com"]

[Event "Titled Tuesday Blitz May 10 Early 2022"]
[White "Sadykov, Ramil"]
[Black "Kosteniuk, Alexandra"]
[WhiteFideId "24113590"]
[BlackFideId "4128125"]
[WhiteElo "2280"]
[BlackElo "2469"]
[Result "0-1"]
[Round "07"]
[TimeControl "180+1"]
[Date "2022.05.11"]
[WhiteClock "0:00:02"]
[BlackClock "0:01:01"]

1. d4 Nf6 2. Nc3 d5 3. Bf4 c5 4. e3 cxd4 5. exd4 Bg4 6. Nf3 Nc6 7. Be2 e6 8. Ne5 Bxe2 9. Nxe2 Nxe5 10. Bxe5 Nd7 11. Bg3 h5 12. h3 Nf6 13. c3 Ne4 14. Bf4 g5 15. Be3 Be7 16. Nc1 Qc7 17. Nd3 Bd6 18. a4 a5 19. Qb3 f5 20. Qb5+ Kf7 21. h4 f4 22. Bd2 g4 23. Nc5 Bxc5 24. dxc5 f3 25. gxf3 Nxc5 26. fxg4 hxg4 27. Qe2 Rag8 28. Be3 Ne4 29. Bd4 e5 30. Be3 Ke6 31. O-O-O Qc6 32. Qd3 d4 33. Bxd4 exd4 34. Rhe1 Kf5 35. Qxd4 Rd8 36. Qe3 Qh6 37. Qxh6 Rxd1+ 38. Rxd1 Rxh6 39. Rd5+ Kf4 40. Rxa5 Nxf2 41. Kd2 Ne4+ 42. Ke2 Rxh4 43. Rb5 Rh2+ 44. Kd3 Rd2+ 45. Kc4 Nd6+ 0-1


[Site "https://www.chess.com"]

[Event "Titled Tuesday Blitz May 10 Early 2022"]
[White "Sahil, Tickoo"]
[Black "Demchenko, Anton"]
[WhiteFideId "5019710"]
[BlackFideId "4160258"]
[WhiteElo "2099"]
[BlackElo "2539"]
[Result "0-1"]
[Round "07"]
[TimeControl "180+1"]
[Date "2022.05.11"]
[WhiteClock "0:00:16"]
[BlackClock "0:00:17"]

1. d4 d5 2. Bf4 Nf6 3. e3 e6 4. Nd2 c5 5. c3 Nc6 6. Ngf3 Nh5 7. Bg5 f6 8. Bh4 g6 9. Be2 Be7 10. Rc1 O-O 11. O-O cxd4 12. cxd4 Bd7 13. a3 Ng7 14. Bg3 Nf5 15. Bd3 Nxg3 16. hxg3 f5 17. Nb3 b6 18. Bb5 Nb8 19. Qd3 Bd6 20. Bxd7 Qxd7 21. Rc2 Rc8 22. Rxc8+ Qxc8 23. Rc1 Qb7 24. Qc2 Na6 25. Qc6 Qxc6 26. Rxc6 Rd8 27. Ne5 Nb8 28. Rc2 g5 29. Nc6 Nxc6 30. Rxc6 Kf7 31. Nc1 Ke7 32. Nd3 Kd7 33. Rc2 Rc8 34. Rxc8 Kxc8 35. Kf1 Kb7 36. Ke2 Kc6 37. a4 b5 38. axb5+ Kxb5 39. b3 h6 40. Kd2 Kc6 41. Kc3 Bc7 42. Kb4 h5 43. Kc3 h4 44. gxh4 gxh4 45. f3 Kb5 46. Kc2 a5 47. Kd1 Bd6 48. Kc2 Kc6 49. Kc3 Bc7 50. Kc2 Kb5 51. Kc3 Bd8 52. Kc2 Bg5 53. Kd2 Kc6 54. Ne5+ Kb6 55. Nd3 Kb5 56. Ke2 Be7 57. Kd2 Bb4+ 58. Kc2 Bd6 59. Kd2 Kc6 60. Kc2 Bh2 61. Kd2 Kd6 62. Ke2 e5 63. dxe5+ Bxe5 64. Kd2 Bf6 65. Nf4 Bg5 66. Ne2 Bf6 67. Kd3 Kc5 68. Nf4 Be5 69. Ne6+ Kb4 70. Nd4 Bxd4 71. Kxd4 Kxb3 72. Kxd5 a4 73. e4 fxe4 74. fxe4 a3 75. e5 a2 76. e6 a1=Q 77. e7 Qa8+ 78. Kd6 Qe8 79. Ke6 Kc4 80. Kf6 Kd4 81. Ke6 Ke4 82. Kf6 Kf4 83. Ke6 Kg3 84. Kd6 Kxg2 85. Ke6 h3 86. Kd6 h2 87. Ke6 h1=Q 88. Kd6 Qh6+ 89. Kd5 Qxe7 90. Kd4 Qhe3+ 91. Kc4 Q7c5# 0-1


[Site "https://www.chess.com"]

[Event "Titled Tuesday Blitz May 10 Early 2022"]
[White "Saldano Dayer, Horacio"]
[Black "Prieto Aranguren, Alain"]
[WhiteFideId "103411"]
[BlackFideId "2268906"]
[WhiteElo "2419"]
[BlackElo "2235"]
[Result "0-1"]
[Round "07"]
[TimeControl "180+1"]
[Date "2022.05.11"]
[WhiteClock "0:00:04"]
[BlackClock "0:00:16"]

1. d4 d5 2. Bf4 e6 3. Nc3 Bd6 4. e3 Ne7 5. Nf3 Ng6 6. Bg3 Nd7 7. Bd3 Nf6 8. Ne5 c5 9. Bb5+ Kf8 10. Bd3 Qb6 11. O-O cxd4 12. exd4 Bxe5 13. dxe5 Nd7 14. Qe1 Nc5 15. Kh1 Nxd3 16. cxd3 h5 17. h3 h4 18. Bh2 Ne7 19. b3 Bd7 20. Rc1 Nf5 21. Ne2 Ke7 22. Qd2 Rhc8 23. Qg5+ Kf8 24. Qf4 Rxc1 25. Rxc1 Rc8 26. Rxc8+ Bxc8 27. Qc1 Qc6 28. Qxc6 bxc6 29. f4 Ba6 30. Nc1 Ke7 31. Bg1 d4 32. Bf2 c5 33. Kg1 Kd7 34. Kf1 Kc7 35. Ke2 Bb7 36. Kf1 Kb6 37. a3 Bd5 38. b4 cxb4 39. axb4 Kb5 40. Ne2 Kxb4 41. Nxd4 Nxd4 42. Bxd4 a5 43. Ke1 Bxg2 44. Bf2 Kb3 45. Kd2 Kb2 46. Bd4+ Kb1 47. Kc3 Bxh3 48. Bf2 Bf5 49. Bxh4 Kc1 50. Be7 g6 51. Bd8 a4 52. Be7 Kd1 53. d4 Ke2 54. Kb4 Bc2 55. Kc3 Bb3 56. Bg5 Kf3 57. Bh6 Kg4 58. Bg5 Kf5 59. Bh6 Bd5 60. Bg5 a3 61. Be7 a2 62. Kb2 Kxf4 63. Bc5 g5 64. Bb4 g4 65. Bd2+ Kf3 0-1


[Site "https://www.chess.com"]

[Event "Titled Tuesday Blitz May 10 Early 2022"]
[White "Samadov, Read"]
[Black "Le, Tuan Minh"]
[WhiteFideId "13417444"]
[BlackFideId "12401153"]
[WhiteElo "2084"]
[BlackElo "2450"]
[Result "0-1"]
[Round "07"]
[TimeControl "180+1"]
[Date "2022.05.10"]
[WhiteClock "0:00:40"]
[BlackClock "0:01:18"]

1. d4 d5 2. c4 c6 3. Nf3 Nf6 4. g3 Bf5 5. Nc3 e6 6. Nh4 Be4 7. f3 Bg6 8. Qb3 b6 9. Nxg6 hxg6 10. Bg2 Be7 11. O-O O-O 12. Rd1 Nbd7 13. e4 dxe4 14. fxe4 e5 15. dxe5 Bc5+ 16. Kf1 Ng4 17. Na4 Qe7 18. Nxc5 Nxc5 19. Qc3 Rad8 20. Bf4 g5 21. h3 gxf4 22. hxg4 fxg3 23. Qxg3 Nd7 24. g5 Nxe5 25. b3 Rfe8 26. Ke2 Ng6 27. Rxd8 Rxd8 28. Rd1 Re8 29. Qg4 Qe5 30. Kf1 c5 31. Qf5 Qb2 32. e5 Qxg2+ 0-1


[Site "https://www.chess.com"]

[Event "Titled Tuesday Blitz May 10 Early 2022"]
[White "Sanchez, Robert"]
[Black "Riehle, Marco"]
[WhiteFideId "2034360"]
[BlackFideId "12904392"]
[WhiteElo "2183"]
[BlackElo "2462"]
[Result "0-1"]
[Round "07"]
[TimeControl "180+1"]
[Date "2022.05.11"]
[WhiteClock "0:02:13"]
[BlackClock "0:02:38"]

1. e4 e5 2. Nf3 Nf6 3. Nxe5 Nxe4 4. Nf3 d5 5. d4 Bd6 6. Bd3 O-O 7. O-O Bg4 8. h3 Bh5 9. Be2 Re8 10. c3 Nd7 11. Nbd2 Ndf6 12. Nb3 c6 13. Be3 Bc7 14. c4 dxc4 15. Bxc4 Qd6 16. g4 Nxg4 17. hxg4 Bxg4 18. Bxf7+ Kxf7 19. Ne5+ Rxe5 20. Qxg4 Rg5 0-1


[Site "https://www.chess.com"]

[Event "Titled Tuesday Blitz May 10 Early 2022"]
[White "Sarana, Alexey"]
[Black "Korchmar, Vasiliy"]
[WhiteFideId "24133795"]
[BlackFideId "24131750"]
[WhiteElo "2666"]
[BlackElo "2370"]
[Result "1-0"]
[Round "07"]
[TimeControl "180+1"]
[Date "2022.05.10"]
[WhiteClock "0:00:57"]
[BlackClock "0:00:02"]

1. d4 d5 2. c4 c6 3. Nf3 Nf6 4. Nc3 e6 5. g3 dxc4 6. Bg2 Nbd7 7. O-O Bd6 8. a4 O-O 9. e4 e5 10. Qe2 exd4 11. Nxd4 Ne5 12. h3 Nd3 13. Be3 Be5 14. Nf5 Bxf5 15. exf5 Re8 16. Qd2 Qa5 17. Rab1 Rad8 18. Ne4 Qxd2 19. Nxd2 Nxb2 20. Nf3 c3 21. Nxe5 Rxe5 22. Rfc1 Nxa4 23. Rxb7 Nd5 24. Bd4 Re2 25. Rxa7 Nb2 26. Bxd5 cxd5 27. Rxc3 Nc4 28. f6 gxf6 29. Bxf6 Rde8 30. Rd3 Rd2 31. Rxd2 Nxd2 32. Rd7 Ne4 33. Bd4 Ng5 34. Kg2 Ne6 35. Bf6 d4 36. f4 h5 37. f5 Ng7 38. g4 hxg4 39. hxg4 Re4 40. Kf3 Re3+ 41. Kf4 Re1 42. Rxd4 Rf1+ 43. Kg5 1-0


[Site "https://www.chess.com"]

[Event "Titled Tuesday Blitz May 10 Early 2022"]
[White "Schut, Han"]
[Black "Belenkaya, Dina"]
[WhiteFideId "1005561"]
[BlackFideId "24142654"]
[WhiteElo "2057"]
[BlackElo "2196"]
[Result "1/2-1/2"]
[Round "07"]
[TimeControl "180+1"]
[Date "2022.05.11"]
[WhiteClock "0:00:08"]
[BlackClock "0:00:03"]

1. e4 d5 2. exd5 Qxd5 3. Nc3 Qe5+ 4. Be2 c6 5. Nf3 Qc7 6. d4 Nf6 7. O-O Bf5 8. Ne5 Nbd7 9. Bf4 Qb6 10. Na4 Qa5 11. c3 Nxe5 12. Bxe5 e6 13. b4 Qd8 14. Bf3 Bd6 15. Bxd6 Qxd6 16. Nc5 O-O-O 17. b5 b6 18. bxc6 bxc5 19. Qa4 Qb8 20. dxc5 Bd3 21. Rfd1 Qb5 22. Qxa7 Qb8 23. Qa5 Qb5 24. Qa8+ Qb8 25. Qa5 Qb5 26. Qa8+ Qb8 27. Qa5 1/2-1/2


[Site "https://www.chess.com"]

[Event "Titled Tuesday Blitz May 10 Early 2022"]
[White "Seo, Jung Min"]
[Black "Baches Garcia, Guillermo"]
[WhiteFideId "1734687"]
[BlackFideId "2209764"]
[WhiteElo "2401"]
[BlackElo "2530"]
[Result "1-0"]
[Round "07"]
[TimeControl "180+1"]
[Date "2022.05.11"]
[WhiteClock "0:01:16"]
[BlackClock "0:00:15"]

1. d4 Nf6 2. c4 e6 3. Nf3 d5 4. Nc3 c5 5. cxd5 Nxd5 6. e4 Nxc3 7. bxc3 cxd4 8. cxd4 Bb4+ 9. Bd2 Bxd2+ 10. Qxd2 O-O 11. Bc4 Nd7 12. O-O b6 13. Rfe1 Bb7 14. Rad1 Rc8 15. Bb3 Re8 16. Re3 Nf6 17. Rde1 h6 18. h3 b5 19. a4 a6 20. axb5 axb5 21. Qb4 Rb8 22. Ne5 Ba8 23. f3 Qb6 24. Rd1 Red8 25. Red3 Nd7 26. Ng4 h5 27. Ne3 Nf6 28. Kh1 h4 29. d5 e5 30. Nf5 Nh5 31. Qe7 Qf2 32. d6 Rf8 33. d7 Rbd8 34. Bxf7+ 1-0


[Site "https://www.chess.com"]

[Event "Titled Tuesday Blitz May 10 Early 2022"]
[White "Shashikant, Kutwal"]
[Black "Jeet, Jain"]
[WhiteFideId "5006520"]
[BlackFideId "5073022"]
[WhiteElo "2321"]
[BlackElo "2028"]
[Result "1/2-1/2"]
[Round "07"]
[TimeControl "180+1"]
[Date "2022.05.11"]
[WhiteClock "0:00:05"]
[BlackClock "0:00:32"]

1. e4 c5 2. Nf3 d6 3. d4 cxd4 4. Nxd4 Nf6 5. Nc3 a6 6. h3 g6 7. Bg5 Bg7 8. Qd2 Nc6 9. Nb3 Be6 10. O-O-O b5 11. f3 O-O 12. Kb1 b4 13. Nd5 Nd7 14. Nxb4 Nxb4 15. Qxb4 a5 16. Qd2 Bxb3 17. cxb3 a4 18. b4 a3 19. b3 Ne5 20. Qd5 Qc7 21. Rc1 Qa7 22. f4 Nd7 23. Bxe7 Rfc8 24. Bc4 Ne5 25. fxe5 Qxe7 26. Rhf1 Qxe5 27. Qxe5 Bxe5 28. Bxf7+ Kg7 29. Bd5 Rxc1+ 30. Rxc1 Rf8 31. Rc7+ Kh6 32. Rf7 Rb8 33. Rd7 Rxb4 34. Bg8 Rd4 35. Rxh7+ Kg5 36. Bc4 Rd2 37. Kc1 Rxa2 38. Ra7 Ra1+ 39. Kc2 Bb2 40. b4 Rg1 41. b5 Rxg2+ 42. Kd3 Rg3+ 43. Kd2 Rxh3 44. b6 Bd4 45. Ra6 Rh1 46. b7 Rb1 47. Bd5 Rb2+ 48. Kd3 Bc5 49. Kc4 a2 50. e5 Rc2+ 51. Kd3 Rb2 52. e6 Kf6 53. Ra8 g5 54. Rxa2 Rxa2 55. Bxa2 Ba7 56. Bd5 Bb8 57. Ke4 Ke7 58. Kf3 Kf6 59. Kg4 Bc7 60. Bc4 Bb8 61. Bd5 Bc7 62. Kh5 Bb8 63. Kg4 1/2-1/2


[Site "https://www.chess.com"]

[Event "Titled Tuesday Blitz May 10 Early 2022"]
[White "Shukhman, Anna"]
[Black "Soucek, Petr"]
[WhiteFideId "54180058"]
[BlackFideId "23715170"]
[WhiteElo "1726"]
[BlackElo "1979"]
[Result "0-1"]
[Round "07"]
[TimeControl "180+1"]
[Date "2022.05.11"]
[WhiteClock "0:01:38"]
[BlackClock "0:00:16"]

1. e4 c6 2. d4 d5 3. e5 Bf5 4. g4 Be4 5. f3 Bg6 6. e6 fxe6 7. h4 Nd7 8. h5 Bf7 9. f4 Ngf6 10. Nc3 b5 11. a3 a5 12. g5 b4 13. axb4 axb4 14. Rxa8 Qxa8 15. gxf6 bxc3 16. fxg7 Bxg7 17. bxc3 Qa5 18. Bd2 c5 19. Nf3 h6 20. Ne5 Qa4 21. Nxf7 Kxf7 22. Qg4 Nf6 23. Qg6+ Kf8 24. Rg1 Rg8 25. f5 Qa1+ 26. Ke2 exf5 27. Bxh6 Bxh6 28. Qxh6+ Kf7 29. Qh7+ Nxh7 0-1


[Site "https://www.chess.com"]

[Event "Titled Tuesday Blitz May 10 Early 2022"]
[White "Silva, Mariana Sofia T."]
[Black "Petrova, Irina"]
[WhiteFideId "1911899"]
[BlackFideId "14124122"]
[WhiteElo "1825"]
[BlackElo "1993"]
[Result "0-1"]
[Round "07"]
[TimeControl "180+1"]
[Date "2022.05.11"]
[WhiteClock "0:01:03"]
[BlackClock "0:02:07"]

1. d4 d6 2. c4 e5 3. dxe5 dxe5 4. Qxd8+ Kxd8 5. Nc3 c6 6. g3 Be6 7. b3 Nd7 8. Bg2 f6 9. Be3 Ne7 10. O-O-O Kc7 11. Nf3 Nc8 12. Kb2 Ncb6 13. Nd2 a5 14. Nde4 Be7 15. Rd2 a4 16. Rhd1 axb3 17. axb3 Ba3+ 18. Kc2 Bb4 19. h3 Ra3 20. Nb1 Ra2+ 0-1


[Site "https://www.chess.com"]